PCL
LAS VEGAS 51S @ EL PASO CHIHUAHUAS
06/11/2099
 
TOP OF THE 1ST
Las Vegas 51s batting - Pitching for El Paso Chihuahuas : RHP Pablo Romero
Pitching: RHP Pablo Romero
Batting: LHB Brandon Corter 0-0: Foul Ball, location: 2F
0-1: Foul Ball, location: 23FF
0-2: Strikes out swinging
Batting: RHB Joseph Burgess 0-0: Foul Ball, location: 9LDF
0-1: Ball
1-1: Fly out, F7 (Flyball, 78D, EV 108.8 MPH)
Batting: SHB Dave Noriega 0-0: Called Strike
0-1: Swinging Strike
0-2: Strikes out looking
Top of the 1st over - 0 runs, 0 hits, 0 errors, 0 left on base; Las Vegas 0 - El Paso 0
BOTTOM OF THE 1ST
El Paso Chihuahuas batting - Pitching for Las Vegas 51s : RHP Santiago Rodriguez
Pitching: RHP Santiago Rodriguez
Batting: LHB Michael Jensen 0-0: Ball
1-0: Ball
2-0: Ball
3-0: Called Strike
3-1: Called Strike
3-2: Foul Ball, location: 2LF
3-2: Strikes out swinging
Batting: RHB Chris Ell 0-0: Called Strike
0-1: Fly out, F8 (Flyball, 8RD, EV 82.5 MPH)
Batting: LHB Emilio Gonzales 0-0: Called Strike
0-1: Called Strike
0-2: SINGLE (Line Drive, 89S, EV 85.0 MPH)
Batting: RHB Pat Holland 0-0: SINGLE (Line Drive, 8RS, EV 98.1 MPH)
Emilio Gonzales to second
Batting: RHB Andy Burke 0-0: Called Strike
0-1: Foul Ball, location: 2F
0-2: Ball
1-2: Strikes out swinging
Bottom of the 1st over - 0 runs, 2 hits, 0 errors, 2 left on base; Las Vegas 0 - El Paso 0
TOP OF THE 2ND
Las Vegas 51s batting - Pitching for El Paso Chihuahuas : RHP Pablo Romero
Batting: RHB Yutaka Higashi 0-0: Ball
1-0: Called Strike
1-1: Swinging Strike
1-2: Strikes out swinging
Batting: LHB Jared Fetzer 0-0: Called Strike
0-1: Ball
1-1: Ground out 6-3 (Groundball, 6M, EV 80.0 MPH)
Pitching: LHP Andy Anderson
Batting: RHB Omar Munoz 0-0: Ball
1-0: Ball
2-0: Fly out, F4 (Popup, 34D, EV 70.0 MPH)
Top of the 2nd over - 0 runs, 0 hits, 0 errors, 0 left on base; Las Vegas 0 - El Paso 0
BOTTOM OF THE 2ND
El Paso Chihuahuas batting - Pitching for Las Vegas 51s : RHP Santiago Rodriguez
Batting: SHB Jadon Mitchell 0-0: Swinging Strike
0-1: Foul Ball, location: 9LMF
0-2: Strikes out looking
Batting: LHB Takechi Nozawa 0-0: Ball
1-0: Foul Ball, location: 25FF
1-1: Foul Ball, location: 7LMF
1-2: Strikes out looking
Batting: LHB Victor Carrillo 0-0: Ball
1-0: SOLO HOME RUN (Flyball, 7D, EV 103.8 MPH), Distance : 394 ft
Batting: LHB Wulf Hoogesteger 0-0: Called Strike
0-1: Ground out 4-3 (Groundball, 4, EV 81.3 MPH)
Bottom of the 2nd over - 1 run, 1 hit, 0 errors, 0 left on base; Las Vegas 0 - El Paso 1
TOP OF THE 3RD
Las Vegas 51s batting - Pitching for El Paso Chihuahuas : LHP Andy Anderson
Batting: SHB Tom Garrison 0-0: Called Strike
0-1: Called Strike
0-2: Foul Ball, location: 7LSF
0-2: Foul Ball, location: 9LSF
0-2: Fly out, F8 (Flyball, 78S, EV 98.8 MPH)
Batting: LHB Chris Higgins 0-0: Ball
1-0: Foul Ball, location: 2F
1-1: Ball
2-1: Foul Ball, location: 25F
2-2: Ball
3-2: Base on Balls
Batting: RHB Armando Pereyra 0-0: Called Strike
0-1: Foul Ball, location: 9LDF
0-2: Strikes out swinging
Batting: LHB Brandon Corter 0-0: Ball
1-0: Ground out 4-3 (Groundball, 4S, EV 85.0 MPH)
Top of the 3rd over - 0 runs, 0 hits, 0 errors, 1 left on base; Las Vegas 0 - El Paso 1
BOTTOM OF THE 3RD
El Paso Chihuahuas batting - Pitching for Las Vegas 51s : RHP Santiago Rodriguez
Batting: LHB Michael Jensen 0-0: Swinging Strike
0-1: Foul Ball, location: 5FF
0-2: Ball
1-2: Strikes out swinging
Batting: RHB Chris Ell 0-0: Ground out 5-3 (Groundball, 56, EV 100.0 MPH)
Batting: LHB Emilio Gonzales 0-0: Ball
1-0: Ground out 4-3 (Groundball, 34, EV 91.9 MPH)
Bottom of the 3rd over - 0 runs, 0 hits, 0 errors, 0 left on base; Las Vegas 0 - El Paso 1
TOP OF THE 4TH
Las Vegas 51s batting - Pitching for El Paso Chihuahuas : LHP Andy Anderson
Batting: RHB Joseph Burgess 0-0: Ball
1-0: Swinging Strike
1-1: Ball
2-1: Swinging Strike
2-2: Ground out 4-3 (Groundball, 4, EV 87.5 MPH)
Batting: SHB Dave Noriega 0-0: Called Strike
0-1: Called Strike
0-2: Ball
1-2: Ball
2-2: Foul Ball, location: 2F
2-2: Ball
3-2: Strikes out swinging
Batting: RHB Yutaka Higashi 0-0: Ball
1-0: Ball
2-0: Ball
3-0: Called Strike
3-1: Called Strike
3-2: Foul Ball, location: 2F
3-2: Base on Balls
Batting: LHB Jared Fetzer 0-0: Called Strike
0-1: Fly out, F9 (Flyball, 9LS, EV 86.9 MPH)
Top of the 4th over - 0 runs, 0 hits, 0 errors, 1 left on base; Las Vegas 0 - El Paso 1
BOTTOM OF THE 4TH
El Paso Chihuahuas batting - Pitching for Las Vegas 51s : RHP Santiago Rodriguez
Batting: RHB Pat Holland 0-0: Ball
1-0: Swinging Strike
1-1: Foul Ball, location: 2F
1-2: Ball
2-2: Fly out, F3 (Popup, 3L, EV 66.9 MPH)
Batting: RHB Andy Burke 0-0: Called Strike
0-1: SOLO HOME RUN (Flyball, 7D, EV 99.4 MPH), Distance : 397 ft
Batting: SHB Jadon Mitchell 0-0: Called Strike
0-1: Swinging Strike
0-2: Ball
1-2: Strikes out swinging
Batting: LHB Takechi Nozawa 0-0: Called Strike
0-1: Ball
1-1: Ball
2-1: Foul Ball, location: 2F
2-2: Ball
3-2: Base on Balls
Batting: LHB Victor Carrillo 0-0: Ball
Wild Pitch!
Takechi Nozawa to second
1-0: Ground out 4-3 (Groundball, 4, EV 103.1 MPH)
Bottom of the 4th over - 1 run, 1 hit, 0 errors, 1 left on base; Las Vegas 0 - El Paso 2
TOP OF THE 5TH
Las Vegas 51s batting - Pitching for El Paso Chihuahuas : LHP Andy Anderson
Batting: RHB Omar Munoz 0-0: Fly out, F9 (Flyball, 89S, EV 78.8 MPH)
Batting: SHB Tom Garrison 0-0: Called Strike
0-1: Ball
1-1: Ball
2-1: Fly out, F9 (Line Drive, 9S, EV 89.4 MPH)
Batting: LHB Chris Higgins 0-0: SINGLE (Groundball, 34, EV 83.1 MPH) (infield hit)
Batting: RHB Armando Pereyra 0-0: Called Strike
0-1: Ball
1-1: Fly out, F3 (Popup, 34S, EV 86.3 MPH)
Top of the 5th over - 0 runs, 1 hit, 0 errors, 1 left on base; Las Vegas 0 - El Paso 2
BOTTOM OF THE 5TH
El Paso Chihuahuas batting - Pitching for Las Vegas 51s : RHP Santiago Rodriguez
Batting: LHB Wulf Hoogesteger 0-0: Called Strike
0-1: Called Strike
0-2: Fly out, F8 (Flyball, 89M, EV 91.3 MPH)
Batting: LHB Michael Jensen 0-0: SINGLE (Line Drive, 56, EV 96.9 MPH)
Batting: RHB Chris Ell 0-0: Ball
1-0: Ball
2-0: Ball
3-0: Called Strike
3-1: Foul Ball, location: 2F
3-2: Foul Ball, location: 2F
3-2: Foul Ball, location: 5FF
3-2: Fly out, F8 (Line Drive, 8LD, EV 103.8 MPH)
Batting: LHB Emilio Gonzales 0-0: Hit by Pitch
Michael Jensen to second
Batting: RHB Pat Holland 0-0: Ball
1-0: Called Strike
1-1: Called Strike
1-2: Strikes out swinging
Bottom of the 5th over - 0 runs, 1 hit, 0 errors, 2 left on base; Las Vegas 0 - El Paso 2
TOP OF THE 6TH
Las Vegas 51s batting - Pitching for El Paso Chihuahuas : LHP Andy Anderson
Batting: LHB Brandon Corter 0-0: Ball
1-0: SINGLE (Groundball, 13S, EV 64.4 MPH) (infield hit)
Pitching: RHP Pat Kirkland
Batting: RHB Joseph Burgess 0-0: Ball
Wild Pitch!
Brandon Corter to second
1-0: Ground out 3-1 (Groundball, 34, EV 84.4 MPH)
Brandon Corter to third
Batting: SHB Dave Noriega 0-0: Ball
1-0: Ball
2-0: Called Strike
2-1: Called Strike
2-2: Strikes out swinging
Batting: RHB Yutaka Higashi 0-0: Swinging Strike
0-1: Fly out, F9 (Flyball, 9, EV 91.9 MPH)
Top of the 6th over - 0 runs, 1 hit, 0 errors, 1 left on base; Las Vegas 0 - El Paso 2
BOTTOM OF THE 6TH
El Paso Chihuahuas batting - Pitching for Las Vegas 51s : RHP Santiago Rodriguez
Batting: RHB Andy Burke 0-0: Swinging Strike
0-1: Called Strike
0-2: Strikes out swinging
Batting: SHB Jadon Mitchell 0-0: Foul Ball, location: 7LSF
0-1: Ball
1-1: Swinging Strike
1-2: Fly out, F9 (Line Drive, 89M, EV 98.8 MPH)
Batting: LHB Takechi Nozawa 0-0: Ball
1-0: Foul Ball, location: 2F
1-1: Called Strike
1-2: Ball
2-2: Strikes out swinging
Bottom of the 6th over - 0 runs, 0 hits, 0 errors, 0 left on base; Las Vegas 0 - El Paso 2
TOP OF THE 7TH
Las Vegas 51s batting - Pitching for El Paso Chihuahuas : RHP Pat Kirkland
Batting: LHB Jared Fetzer 0-0: Ball
1-0: Ground out U3 (Groundball, 3, EV 92.5 MPH)
Batting: RHB Omar Munoz 0-0: Swinging Strike
0-1: Fly out, F9 (Flyball, 9D, EV 82.5 MPH)
Batting: SHB Tom Garrison 0-0: Foul Ball, location: 2F
0-1: Ball
1-1: Foul Ball, location: 3FF
1-2: Strikes out swinging
Top of the 7th over - 0 runs, 0 hits, 0 errors, 0 left on base; Las Vegas 0 - El Paso 2
BOTTOM OF THE 7TH
El Paso Chihuahuas batting - Pitching for Las Vegas 51s : RHP Santiago Rodriguez
Batting: LHB Victor Carrillo 0-0: Ball
1-0: Ball
2-0: Ball
3-0: Called Strike
3-1: Foul Ball, location: 7LSF
3-2: Strikes out swinging
Batting: LHB Wulf Hoogesteger 0-0: Called Strike
0-1: Ball
1-1: Foul Ball, location: 2F
1-2: DOUBLE (Groundball, 3D, EV 103.1 MPH)
Pitching: LHP Ed Negron
Batting: LHB Michael Jensen 0-0: Ball
1-0: Called Strike
1-1: Ball
2-1: Swinging Strike
2-2: Ball
3-2: Strikes out swinging
Batting: RHB Chris Ell 0-0: Called Strike
0-1: Foul Ball, location: 2F
0-2: Ball
1-2: Strikes out looking
Bottom of the 7th over - 0 runs, 1 hit, 0 errors, 1 left on base; Las Vegas 0 - El Paso 2
TOP OF THE 8TH
Las Vegas 51s batting - Pitching for El Paso Chihuahuas : RHP Pat Kirkland
Now at 1B: Oscar Torres
Batting: LHB Chris Higgins 0-0: Ball
1-0: Ball
2-0: SINGLE (Groundball, 34D, EV 105.0 MPH)
Batting: RHB Armando Pereyra 0-0: Ball
1-0: Swinging Strike
1-1: Ball
2-1: Called Strike
2-2: Foul Ball, location: 9LDF
2-2: Ball
3-2: Fly out, F6 (Popup, 6MD, EV 65.0 MPH)
Batting: LHB Brandon Corter 0-0: Fly out, F9 (Flyball, 89M, EV 104.4 MPH)
Batting: RHB Joseph Burgess 0-0: Foul Ball, location: 5F
0-1: Ball
1-1: Hit by Pitch
Chris Higgins to second
Batting: SHB Dave Noriega 0-0: Ball
1-0: Called Strike
1-1: Swinging Strike
1-2: Foul Ball, location: 7LSF
1-2: Fly out, F9 (Flyball, 9D, EV 90.6 MPH)
Top of the 8th over - 0 runs, 1 hit, 0 errors, 2 left on base; Las Vegas 0 - El Paso 2
BOTTOM OF THE 8TH
El Paso Chihuahuas batting - Pitching for Las Vegas 51s : LHP Ed Negron
Batting: RHB Jeremy Hammonds 0-0: Ball
1-0: Ball
2-0: Swinging Strike
2-1: Foul Ball, location: 25F
2-2: Strikes out swinging
Batting: RHB Pat Holland 0-0: Called Strike
0-1: Foul Ball, location: 2F
0-2: Ball
1-2: Strikes out swinging
Batting: RHB Andy Burke 0-0: Called Strike
0-1: Ball
1-1: Called Strike
1-2: Ground out 2-3 (Groundball, 2L, EV 62.5 MPH)
Bottom of the 8th over - 0 runs, 0 hits, 0 errors, 0 left on base; Las Vegas 0 - El Paso 2
TOP OF THE 9TH
Las Vegas 51s batting - Pitching for El Paso Chihuahuas : RHP Pat Kirkland
Batting: RHB Yutaka Higashi 0-0: Foul Ball, location: 3F
0-1: Ball
1-1: Ball
2-1: Foul Ball, location: 5SF
2-2: Strikes out looking
Batting: LHB Jared Fetzer 0-0: Ground out 1-3 (Groundball, 34S, EV 71.9 MPH)
Batting: RHB Omar Munoz 0-0: Foul Ball, location: 7LSF
0-1: SOLO HOME RUN (Line Drive, 89XD, EV 103.8 MPH), Distance : 433 ft
Batting: SHB Tom Garrison 0-0: Foul Ball, location: 2F
0-1: Foul Ball, location: 2F
0-2: Foul Ball, location: 3F
0-2: Strikes out looking
Top of the 9th over - 1 run, 1 hit, 0 errors, 0 left on base; Las Vegas 1 - El Paso 2
Monday, May 6th , 2024 - OOTP Baseball 24.11 Build 85